 Dungeon Crawl Stone Soup version 0.22.0-38-g04b72b8 (webtiles) character file.

259 Gospel the Shooter (level 5, -3/41 HPs)
             Began as a Demonspawn Wanderer on Aug 26, 2018.
             Killed by divine providence
             ... invoked by an orc priest
              (16 damage)
             ... on level 3 of the Dungeon.
             The game lasted 00:06:16 (1914 turns).

Gospel the Shooter (Demonspawn Wanderer)            Turns: 1914, Time: 00:06:16

Health: -3/41      AC:  8    Str: 14    XL:     5   Next: 94%
Magic:  5/9        EV: 11    Int: 14    God:
Gold:   147        SH:  0    Dex: 11    Spells: 6/10 levels left

rFire    . . .     SeeInvis .   a - +4 shortbow
rCold    . . .     Gourm    .   (shield currently unavailable)
rNeg     . . .     Faith    .   c - +2 robe
rPois    .         Spirit   .   (no helmet)
rElec    .         Reflect  .   (no cloak)
rCorr    .         Harm     .   (no gloves)
MR       .....                  (no boots)
Stlth    +.........             (no amulet)
HPRegen  0.13/turn              n - +4 ring of protection
MPRegen  0.11/turn              (no ring)

@: no status effects
A: claws 1, hooves 1, rot immunity
a: no special abilities


You were on level 3 of the Dungeon.
You were not hungry.

You visited 1 branch of the dungeon, and saw 3 of its levels.

You collected 147 gold pieces.

Inventory:

Hand Weapons
 a - a +4 shortbow (weapon)
 p - a +1 mace of protection
Missiles
 s - 50 arrows (quivered)
Armour
 c - a +2 robe (worn)
Jewellery
 n - a +4 ring of protection (left claw)
Scrolls
 g - a scroll of noise {unknown}
 i - a scroll of amnesia {unknown}
 j - a scroll of fog {unknown}
 k - 2 scrolls of remove curse {unknown}
 l - a scroll of random uselessness {unknown}
 m - 2 scrolls of enchant armour {unknown}
Potions
 b - 2 potions of magic {unknown}
 d - a potion of heal wounds
 o - a potion of lignification {unknown}
 q - a potion of mutation {unknown}
Comestibles
 f - 5 rations
 h - 2 chunks of flesh


   Skills:
 + Level 3.4 Fighting
 - Level 3.5 Bows
 - Level 1.7 Armour
 + Level 0.1 Dodging
 - Level 1.0 Stealth
 - Level 3.1 Spellcasting
 + Level 1.0 Conjurations
 - Level 1.0 Fire Magic
   Level 1.0 Evocations


You had 6 spell levels left.
You knew the following spells:

 Your Spells              Type           Power        Failure   Level  Hunger
a - Searing Ray           Conj           #.....       21%         2    ##.....
b - Throw Flame           Conj/Fire      #.....       22%         2    ##.....

Your spell library contained the following spells:

 Spells                   Type           Power        Failure   Level  Hunger


Dungeon Overview and Level Annotations

Branches:
Dungeon (3/15)

Altars:
Ru


Innate Abilities, Weirdness & Mutations

You have sharp fingernails.
You have large cloven feet.
You are immune to rotting.


Message History

Your +3 shortbow glows red for a moment.
Casting: Throw Flame (safe; 22% risk of failure)
Confirm with . or Enter, or press ? or * to list all spells.
Aiming: Searing Ray (safe; 21% risk of failure)
Press: ? - help, Shift-Dir - straight line, f - adder
Aim: an adder The searing ray hits the orc priest.
The orc priest is lightly wounded. (Press . to maintain the ray.)
The orc priest invokes the aid of Beogh against you.
Beogh smites you!
The searing ray misses the orc priest.
The searing ray hits the adder.
The adder is heavily wounded.
The orc priest mumbles some strange prayers to Beogh against you.
Pain shoots through your body!
The searing ray hits the orc priest.
The orc priest is heavily wounded.
The orc priest invokes the aid of Beogh against you.
Beogh smites you!
You die...

...........##.#
.##.###.......# .......
.##.######.#..# .......
.#............# ..o...#
.#..######[#†## .......
.#..#### #.#.# .....
.#.....# #.#.# ...#
.#.###.# #.#.#######o..#.#
.#.....###.#....@.oSoo=..#
..............######.#..##
##.##..####.#.# .# #
##.##..####.#.# .#
.........##.... ..
##.##..#.####.## ..
##.##..#.####.## ...
##.##........... ...
.#<##..######.##


You could see an orc priest, an adder and 3 orcs.

Vanquished Creatures
  Sigmund (D:2)
  Terence (D:2)
  A gnoll (D:1)
  2 adders (D:2)
  4 leopard geckos
  An orc (D:3)
  3 ball pythons
  9 bats
  2 giant cockroaches (D:1)
  5 hobgoblins
  2 jackals (D:1)
  2 quokkas (D:2)
  A frilled lizard (D:1)
  5 goblins
  2 kobolds (D:1)
  3 rats
44 creatures vanquished.

Notes
Turn   | Place    | Note
-------+----------+-------------------------------------------
     0 | D:1      | Gospel the Demonspawn Wanderer began the quest for the Orb.
     0 | D:1      | Gospel set off with: a +2 shortbow, 23 arrows, a potion of curing, a +0 robe, a ration
     0 | D:1      | Reached XP level 1. HP: 15/15 MP: 2/2
    86 | D:1      | Gained mutation: You have large cloven feet. [demonic ancestry]
    86 | D:1      | Reached XP level 2. HP: 20/21 MP: 4/4
   279 | D:1      | Learned a level 2 spell: Searing Ray
   282 | D:1      | Learned a level 2 spell: Throw Flame
   312 | D:1      | Gained mutation: You are immune to rotting. [demonic ancestry]
   312 | D:1      | Reached XP level 3. HP: 27/27 MP: 5/5
   839 | D:2      | Found a sacrificial altar of Ru.
  1124 | D:2      | Noticed Terence
  1130 | D:2      | Killed Terence
  1130 | D:2      | Gained mutation: You have sharp fingernails. [demonic ancestry]
  1130 | D:2      | Reached XP level 4. HP: 34/34 MP: 7/7
  1407 | D:2      | Noticed Sigmund
  1454 | D:2      | Killed Sigmund
  1454 | D:2      | Reached XP level 5. HP: 30/41 MP: 7/9
  1914 | D:3      | Killed from afar by an orc priest

Skill      XL: |  1  2  3  4 |
---------------+-------------+-----
Bows           | 2 3 |  3.5
Fighting       | 2 3 |  3.4
Spellcasting   | 2 3 |  3.1
Armour         | |  1.7
Dodging        | |  0.1
Stealth        | |  1.0
Conjurations   | |  1.0
Fire Magic     | |  1.0
Evocations     | |  1.0

Action                   |  1- 3 |  4- 6 || total
-------------------------+-------+-------++-------
Melee: Mace              |       |    14 ||    14
       Kick              |       |     5 ||     5
 Fire: Shortbow          |    90 |    24 ||   114
 Cast: Throw Flame       |       |     5 ||     5
       Searing Ray       |       |     1 ||     1
  Use: Potion            |       |     3 ||     3
       Scroll            |       |     4 ||     4
  Eat: Chunk             |       |     3 ||     3
Armor: Robe              |     5 |    10 ||    15
Dodge: Dodged            |    25 |    11 ||    36
